 Dungeon Crawl Stone Soup version 0.31-a0-865-g3d5d91748a (webtiles) character file.

Game seed: 6078393299574283374

44 Darius099 the Chopper (level 3, -8/31 HPs)
             Began as a Minotaur Fighter on Oct 11, 2023.
             Mangled by a worm (9 damage)
             ... on level 2 of the Dungeon.
             The game lasted 00:05:09 (1198 turns).

Darius099 the Chopper (Minotaur Fighter)            Turns: 1198, Time: 00:05:10

Health: -8/31      AC:  9    Str: 22    XL:     3   Next: 41%
Magic:  2/2        EV:  8    Int:  5    God:
Gold:   97         SH:  4    Dex:  9    Spells: 2/2 levels left

rFire   . . .        a - +0 war axe
rCold   . . .        c - +0 buckler
rNeg    . . .        g - +0 chain mail
rPois   .            (helmet restricted)
rElec   .            (no cloak)
rCorr   .            (no gloves)
SInv    .            (no boots)
Will    .....        (no amulet) Stlth
                     (no ring)
HPRegen 0.25/turn    (no ring)
MPRegen 0.08/turn

%: no passive effects
@: no status effects
A: horns 2, retaliatory headbutt
a: no special abilities


You were on level 2 of the Dungeon.
You visited 1 branch of the dungeon, and saw 3 of its levels.

You collected 97 gold pieces.

Inventory:

Hand Weapons
 a - a +0 war axe (weapon)
Armour
 c - a +0 buckler (worn)
 g - a +0 chain mail (worn)
Scrolls
 e - a scroll of immolation {unknown}
 f - 3 scrolls of identify {unknown}
 h - 2 scrolls of amnesia {unknown}
 i - a scroll of blinking {unknown}
 j - a scroll of teleportation {unknown}
 k - a scroll of fog {unknown}
Potions
 b - 2 potions of curing {unknown}
 d - a potion of might
 l - a potion of ambrosia {unknown}
 m - a potion of lignification {unknown}


   Skills:
 - Level 3.6 Fighting
 + Level 4.7 Axes
 - Level 3.6 Armour
 - Level 3.6 Shields


You had 2 spell levels left.
You didn't know any spells.
Your spell library contained the following spells:

 Spells                   Type           Power      Damage    Failure   Level
 Sublimation of Blood     Necr           0%         N/A       99%         2
 Call Canine Familiar     Summ           0%         N/A       100%        3
 Inner Flame              Hex/Fire       0%         N/A       100%        3
 Sigil of Binding         Hex            0%         N/A       100%        3
 Dimensional Bullseye     Hex/Tloc       0%         N/A       100%        4
 Leda's Liquefaction      Hex/Erth       0%         N/A       100%        4
 Petrify                  Tmut/Erth      0%         N/A       100%        4
 Irradiate                Conj/Tmut      0%         3d11      100%        5
 Yara's Violent Unravell  Hex/Tmut       0%         3d3       100%        5
 Enfeeble                 Hex            0%         N/A       100%        7


Dungeon Overview and Level Annotations

Branches:
Dungeon (3/15)

Altars:

Annotations:
D:2 Grinder


Innate Abilities, Weirdness & Mutations

You have a pair of horns on your head.
You reflexively headbutt those who attack you in melee.


Message History

Grinder is lightly wounded.
You barely miss the frilled lizard. You closely miss the frilled lizard.
You barely miss the worm.
The frilled lizard bites you but does no damage.
The frilled lizard barely misses you. Grinder hits you.
You writhe in agony.
* * * LOW HITPOINT WARNING * * *
You block the worm's attack.
You hit Grinder.
Grinder is lightly wounded.
You hit the worm but do no damage.
You hit the frilled lizard but do no damage. x2
The frilled lizard closely misses you. You block the frilled lizard's attack.
Grinder hits you.
* * * LOW HITPOINT WARNING * * *
You writhe in agony.
* * * LOW HITPOINT WARNING * * *
You block the worm's attack.
The frilled lizard bites you but does no damage.
The frilled lizard barely misses you. You furiously retaliate!
You headbutt the frilled lizard, but do no damage.
Grinder barely misses you.
You barely miss Grinder. Your headbutt misses Grinder.
Grinder is lightly wounded.
You slash the worm! You hit the frilled lizard.
You kill the frilled lizard!
You completely miss the frilled lizard.
The frilled lizard bites you but does no damage.
Grinder barely misses you. The worm bites you but does no damage.
You barely miss Grinder. You headbutt Grinder!
Grinder is moderately wounded.
You miss the frilled lizard. You hit the worm.
The frilled lizard barely misses you. You furiously retaliate!
You headbutt the frilled lizard.
You kill the frilled lizard!
Grinder blinks!
Grinder gestures at you. Pain shoots through your body!
* * * LOW HITPOINT WARNING * * *
The worm bites you!
You die...

#.........#.....).#.....
#....####...#.....#.....
#....# ##..#.#.........
##########......#.......
#.........##.....#...).
#.................#..##
#..........####........
#.........)# #....#.#.
#.....@w...# #....#...
#......†...## ###......
#...........# #####..
#.........#.## #.(
###.##...##..### ##..
#.##..5###...#####..#
#.##.#.............##
#.#..<..##.#.#######
####....#####.........#


You could see Grinder and a worm.

Vanquished Creatures
  An orc (D:2)
  7 ball pythons
  4 endoplasms
  A giant cockroach (D:1)
  6 goblins
  4 hobgoblins
  2 quokkas (D:1)
  4 bats
  7 frilled lizards
  2 kobolds (D:1)
  3 rats
41 creatures vanquished.

Notes
Turn   | Place    | Note
-------+----------+-------------------------------------------
     0 | D:1      | Darius099 the Minotaur Fighter began the quest for the Orb.
     0 | D:1      | Reached XP level 1. HP: 19/19 MP: 0/0
    34 | D:1      | Reached skill level 3 in Axes
    49 | D:1      | Reached XP level 2. HP: 24/26 MP: 1/1
   260 | D:1      | Reached skill level 4 in Axes
   531 | D:2      | Reached XP level 3. HP: 30/31 MP: 2/2
   660 | D:2      | You fall into a shaft and drop 1 floor!
  1082 | D:2      | Found a faded altar of an unknown god.
  1157 | D:3      | Noticed Grinder
  1188 | D:3      | Paralysed by Grinder for 4 turns
  1198 | D:2      | HP: 1/31 [Grinder/nerve-wracking pain (5)]
  1198 | D:2      | Mangled by a worm

Illustrated notes

Levels and vault maps discovered:
D:1:      giann_bridges, layout_rooms
D:2:      layout_rooms, dreamdust_ecumenical_altar_angels_and_demons
D:3:      layout_loops_ring, minmay_lizard_king, uniq_grinder

Skill      XL: |  1  2 |
---------------+-------+-----
Axes           | 3 4 |  4.7
Fighting       | |  3.6
Armour         | |  3.6
Shields        | |  3.6

Action                     || total
---------------------------++-------
  Melee: War axe           ||    76
         Headbutt          ||     9
 Armour: Scale mail        ||    21
         Chain mail        ||    34
  Dodge: Dodged            ||    37
  Block: Buckler           ||    22

Table legend: (Time is in decaauts)
 A = Elapsed time spent in this place.
 B = Non-inter-level travel time spent in this place.
 C = Inter-level travel time spent in this place.
 D = Time resting spent in this place.
 E = Time spent auto-exploring this place.
 F = Levels seen in this place.
 G = Mean time per level.
                   A        B        C        D        E       F      G
               +--------+--------+--------+--------+--------+-----+--------+
         Total |   1227 |   1155 |     72 |     28 |    722 |   3 |  409.0 |
       Dungeon |   1227 |   1155 |     72 |     28 |    722 |   3 |  409.0 |
               +--------+--------+--------+--------+--------+-----+--------+

Top non-repeatable levels by time:
     D:2: 547 daAuts
     D:1: 531 daAuts
     D:3: 148 daAuts
